Map: Year Zero LE

Players

Fent

  • Race: Terran Terran
  • League: Master
  • Spawn Location: 11:00

frugs - Winner!

  • Race: Zerg Zerg
  • League: Master
  • Spawn Location: 1:00

VOD

Have the link to the VOD?

Description

Time

  • Played on: April 27, 2019, 2:48 p.m.
  • Length: 5:46
Show
View Real Time Build Order
Export as new Build Order

Fent Terran 

Build Orders: Liberator Opening, Reaper Expand 

Get SALT Encoding   

  12  0:01  SCV  
  13  0:13  SCV  
  14  0:18  Supply Depot  
  14  0:25  SCV  
  15  0:40  SCV  
  16  0:43  Barracks  
  16  0:46  Refinery  
  16  0:52  SCV  
  17  1:04  SCV  
  18  1:16  SCV  
  19  1:30  Orbital Command  
  19  1:31  Reaper  
  20  1:50  Command Center  
  20  1:54  Supply Depot  
  20  1:57  SCV  
  21  2:04  Marine  
  22  2:14  SCV  
  23  2:15  Factory  
  23  2:23  Refinery  
  23  2:24  Barracks Reactor  
  23  2:29  SCV  
  24  2:41  SCV  
  25  2:53  SCV  
  26  3:05  SCV  
  27  3:06  Orbital Command  
  27  3:16  Barracks Tech Lab  
  27  3:17  SCV  
  27  3:18  Hellion x2, Starport  
  31  3:29  SCV  
  32  3:37  SCV  
  32  3:39  Liberator  
  33  3:41  SCV  
  33  3:48  Marine x2  
  35  3:49  Siege Tank  
  35  3:54  SCV  
  41  3:57  Supply Depot  
  41  3:58  Orbital Command  
  44  4:06  SCV  
  44  4:15  Armory  
  44  4:18  SCV  
  44  4:20  Bunker  
  44  4:23  SCV  
  46  4:29  Supply Depot  
  46  4:30  SCV  
  47  4:35  SCV  
  48  4:39  Hellion  
  48  4:40  Hellion  
  48  4:42  SCV  
  53  4:48  SCV  
  54  4:53  Supply Depot  
  54  4:54  SCV  
  54  5:00  SCV  
  47  5:10  Hellion x2  
  37  5:16  Marine  
  40  5:29  SCV  
Show
View Real Time Build Order
Export as new Build Order

frugs Zerg - Winner!

Build Orders: Pool First 

Get SALT Encoding   

  12  0:01  Drone  
  13  0:13  Overlord  
  13  0:18  Drone  
  14  0:31  Drone x2  
  14  0:35  Drone  
  17  0:36  Extractor  
  16  0:45  Drone  
  17  0:54  Spawning Pool  
  16  0:58  Drone  
  17  1:07  Drone  
  18  1:24  Hatchery  
  17  1:28  Drone  
  18  1:40  Zergling x2  
  18  1:46  Metabolic Boost  
  19  1:49  Queen  
  21  1:56  Overlord  
  21  2:01  Drone  
  22  2:14  Drone x2  
  24  2:25  Drone  
  25  2:32  Queen  
  27  2:38  Zergling x4  
  29  2:54  Roach Warren  
  29  2:55  Spore Crawler  
  29  2:56  Drone  
  28  3:00  Drone x3  
  31  3:07  Drone  
  31  3:11  Drone  
  33  3:21  Overlord  
  33  3:23  Overlord  
  33  3:38  Roach  
  35  3:45  Roach x5  
  45  3:52  Roach x2  
  49  3:59  Overlord x2  
  49  4:02  Ravager  
  50  4:05  Ravager  
  51  4:17  Ravager  
  51  4:19  Zergling x14  
  59  4:29  Zergling x2  
  60  4:36  Zergling x2  
  61  4:41  Zergling x6  
  61  4:42  Zergling x4  
  61  4:44  Ravager  
  67  4:50  Overlord  
  61  5:06  Zergling x10  
  63  5:11  Drone x2  
  61  5:21  Drone x3  
  61  5:24  Drone x2  
  66  5:29  Drone x2  
  63  5:42  Hatchery  
Tags
 
Add a new tag
Caveats
  • Supply blocks, unpowered buildings, or Contaminate may cause inaccurate times.
  • Supply counts are checked every 10 seconds.